 Dungeon Sprint DCSS version 0.30.1-9-gdf580d7c3d (webtiles) character file.

Game seed: 11080775491881777882

9720 Heoruswealwe the Phalangite (level 11, 0/117 HPs)
             Began as a Minotaur Fighter on Oct 19, 2023.
             Was an Initiate of Gozag.
             Slain by a death yak (21 damage)
             ... in the Dungeon (Sprint IX: "|||||||||||||||||||||||||||||").
             The game lasted 00:07:10 (1091 turns).

Heoruswealwe the Phalangite (Minotaur Fighter)      Turns: 1091, Time: 00:07:11

Health: 0/117      AC: 16    Str: 27    XL:     11   Next: 26%
Magic:  3/3        EV:  9    Int:  5    God:    Gozag
Gold:   2736       SH:  0    Dex: 11    Spells: 10/10 levels left

rFire   . . .        b - +2 halberd (antimagic)
rCold   . . .        (shield currently unavailable)
rNeg    . . .        c - +1 chain mail
rPois   .            (helmet restricted)
rElec   .            (no cloak)
rCorr   .            f - +0 pair of gloves
SInv    .            (no boots)
Will    .....        (no amulet) Stlth
                     k - +3 ring of strength
HPRegen 0.39/turn    (no ring)
MPRegen 0.08/turn

%: no teleportation
@: no status effects
A: horns 2, retaliatory headbutt
a: Renounce Religion, Potion Petition, Call Merchant, Bribe Branch


You were in the Dungeon.
You worshipped Gozag.
Gozag was most pleased with you.
You visited 1 branch You collected 2736 gold pieces.

Inventory:

Hand Weapons
 a - a +0 trident
 b - a +2 antimagic halberd (weapon)
Armour
 c - a +1 chain mail (worn)
 d - a +0 buckler
 f - a +0 pair of gloves (worn)
Jewellery
 k - a +3 ring of strength (left hand)
Wands
 h - a wand of iceblast (10)
Scrolls
 j - 3 scrolls of blinking
 n - 2 scrolls of enchant armour
 o - 2 scrolls of identify
 p - 2 scrolls of enchant weapon
Potions
 e - 2 potions of curing
 g - a potion of haste
 i - 2 potions of berserk rage
 l - 2 potions of might
 m - 2 potions of mutation


   Skills:
 + Level 17.0 Fighting
 * Level 22.8 Polearms
 + Level 17.0 Armour
 - Level 3.6 Shields


You had 10 spell levels left.
You didn't know any spells.
Your spell library was empty.

Dungeon Overview and Level Annotations

Branches:
Dungeon (1/1)

Altars:
Cheibriados
Dithmenos
Elyvilon
Fedhas
Gozag
Hepliaklqana
Kikubaaqudgha
Makhleb
Nemelex Xobeh
Okawaru
Qazlal
Ru
Sif Muna
Trog
Uskayaw
Vehumet
Wu Jian
Xom
Yredelemnul
Zin
The Shining One
Jiyva
Lugonu


Innate Abilities, Weirdness & Mutations

You have a pair of horns on your head.
You reflexively headbutt those who attack you in melee.


Message History

* * * LOW HITPOINT WARNING * * *
The yak is distracted by your dazzling golden aura.
The yak bellows!
You hit the death yak but do no damage.
The death yak is moderately wounded.
You slash the death yak!
The death yak is heavily wounded.
The death yak gores you.
* * * LOW HITPOINT WARNING * * *
You impale the death yak!! Your headbutt misses the death yak.
The death yak is almost dead.
The death yak completely misses you. You furiously retaliate!
You headbutt the death yak!
You kill the death yak!
Your Fighting skill increases to level 17!
Your Armour skill increases to level 17!
You puncture the death yak! Your headbutt misses the death yak.
The death yak is lightly wounded.
The death yak closely misses you. You furiously retaliate!
You headbutt the death yak. You slash the death yak!
The death yak is moderately wounded.
You slash the death yak!
You headbutt the death yak, but do no damage.
The death yak is heavily wounded.
The yak is no longer distracted by gold.
The death yak barely misses you.
The yak is distracted by your dazzling golden aura.
You barely miss the death yak.
The death yak is heavily wounded.
The death yak closely misses you.
The yak bellows!
You puncture the death yak!
You headbutt the death yak, but do no damage.
The death yak is heavily wounded.
You slash the death yak! You headbutt the death yak.
The death yak is severely wounded.
The death yak gores you!!
You die...
Your body crumbles into a pile of gold.

▓.▓.▓
▓.▓.▓.▓
$
▓.▓.▓.▓
▓=▓.▓Y▓
$
▓[▓.▓.▓
▓[▓.▓.▓
$
▓)▓.▓Y▓
$
▓?▓.▓Y▓
$
▓!▓.▓@▓
$
▓'▓.▓$▓
$
▓_▓.▓.▓
▓_▓.▓.▓
$
▓_▓.▓.▓
$
▓_▓.▓.▓
$
▓_▓.▓.▓
$
▓_▓.▓.▓
$
▓_▓.▓.▓
$


You could see a death yak and 2 yaks.

Vanquished Creatures
  A hydra (D)
  2 catoblepae (D)
  A two-headed ogre (D)
  3 death yaks (D)
  2 ugly things (D)
  A deep elf pyromancer (D)
  An elephant (D)
  4 cane toads (D)
  A rime drake (D)
  2 komodo dragons (D)
  2 blink frogs (D)
  A troll (D)
  2 wyverns (D)
  A steam dragon (D)
  A wraith (D)
  A basilisk (D)
  2 yaks (D)
  A phantom (D)
  4 bullfrogs (D)
  A gnoll sergeant (D)
  3 scorpions (D)
  A hound (D)
  2 orc wizards (D)
  A dart slug (D)
  A hobgoblin (D)
  A kobold (D)
  2 ball pythons (D)
45 creatures vanquished.

Notes
Turn   | Place    | Note
-------+----------+-------------------------------------------
     0 | D        | Heoruswealwe the Minotaur Fighter began the quest for the
                  | Orb.
     0 | D        | Reached XP level 1. HP: 19/19 MP: 0/0
     8 | D        | Reached skill level 3 in Polearms
    14 | D        | Reached skill level 4 in Polearms
    26 | D        | Noticed a phantom
    26 | D        | Noticed a scorpion
    26 | D        | Noticed a scorpion
    26 | D        | Noticed a hound
    26 | D        | Noticed a scorpion
    29 | D        | Killed a scorpion
    30 | D        | Reached skill level 5 in Fighting
    30 | D        | Reached skill level 6 in Polearms
    30 | D        | Reached skill level 5 in Armour
    30 | D        | Reached XP level 2. HP: 28/30 MP: 1/1
    30 | D        | Reached XP level 3. HP: 35/37 MP: 2/2
    35 | D        | Reached skill level 7 in Polearms
    35 | D        | Reached XP level 4. HP: 44/45 MP: 3/3
    38 | D        | Killed a scorpion
    39 | D        | Reached skill level 9 in Polearms
    39 | D        | Reached XP level 5. HP: 40/52 MP: 4/4
    46 | D        | Reached skill level 10 in Polearms
    57 | D        | Killed a phantom
    58 | D        | Reached skill level 11 in Polearms
    58 | D        | Reached XP level 6. HP: 33/62 MP: 5/5
    64 | D        | Found a snail-covered altar of Cheibriados.
    64 | D        | Found a shadowy altar of Dithmenos.
    64 | D        | Found a white marble altar of Elyvilon.
    64 | D        | Found a blossoming altar of Fedhas.
    64 | D        | Found an opulent altar of Gozag.
    65 | D        | Found a hazy altar of Hepliaklqana.
    66 | D        | Found a viscous altar of Jiyva.
    67 | D        | Found an ancient bone altar of Kikubaaqudgha.
    68 | D        | Found a corrupted altar of Lugonu.
    69 | D        | Found a burning altar of Makhleb.
    70 | D        | Found a sparkling altar of Nemelex Xobeh.
    71 | D        | Found an iron altar of Okawaru.
    72 | D        | Found a stormy altar of Qazlal.
    73 | D        | Found a sacrificial altar of Ru.
    74 | D        | Found a shimmering blue altar of Sif Muna.
    75 | D        | Found a bloodstained altar of Trog.
    76 | D        | Found a hide-covered altar of Uskayaw.
    77 | D        | Found a radiant altar of Vehumet.
    78 | D        | Found an ornate altar of the Wu Jian Council.
    79 | D        | Found a shimmering altar of Xom.
    80 | D        | Found a basalt altar of Yredelemnul.
    81 | D        | Found a glowing silver altar of Zin.
    82 | D        | Found a glowing golden altar of the Shining One.
   121 | D        | Became a worshipper of Gozag Ym Sagoz the Greedy
   189 | D        | Noticed a two-headed ogre
   189 | D        | Noticed a steam dragon
   189 | D        | Noticed a troll
   189 | D        | Noticed a wyvern
   196 | D        | Killed a wyvern
   197 | D        | Reached skill level 12 in Polearms
   201 | D        | Reached XP level 7. HP: 42/71 MP: 2/6
   211 | D        | Killed a troll
   212 | D        | Reached skill level 10 in Fighting
   212 | D        | Reached skill level 13 in Polearms
   212 | D        | Reached skill level 10 in Armour
   215 | D        | Killed a steam dragon
   216 | D        | Reached skill level 14 in Polearms
   219 | D        | Killed a two-headed ogre
   220 | D        | Reached skill level 15 in Polearms
   220 | D        | Reached XP level 8. HP: 46/83 MP: 2/7
   332 | D        | Noticed a green ugly thing
   332 | D        | Noticed a deep elf pyromancer
   332 | D        | Noticed a green ugly thing
   345 | D        | Killed a green ugly thing
   346 | D        | Reached skill level 16 in Polearms
   347 | D        | Killed a deep elf pyromancer
   348 | D        | Reached skill level 17 in Polearms
   348 | D        | Reached XP level 9. HP: 58/92 MP: 2/8
   360 | D        | Killed a green ugly thing
   361 | D        | Reached skill level 18 in Polearms
   638 | D        | Noticed a komodo dragon
   638 | D        | Noticed a cane toad
   643 | D        | Killed a cane toad
   644 | D        | Noticed a rime drake
   655 | D        | Noticed a komodo dragon
   660 | D        | Killed a komodo dragon
   661 | D        | Reached skill level 19 in Polearms
   673 | D        | Killed a rime drake
   674 | D        | Reached XP level 10. HP: 18/104 MP: 3/9
   679 | D        | HP: 3/104 [komodo dragon (17)]
   935 | D        | Noticed a cane toad
   935 | D        | Noticed a cane toad
   936 | D        | Noticed an eight-headed hydra
   938 | D        | Killed a cane toad
   939 | D        | Reached skill level 20 in Polearms
   940 | D        | Reached skill level 15 in Fighting
   940 | D        | Reached skill level 15 in Armour
   941 | D        | Noticed an elephant
   948 | D        | Noticed a cane toad
   953 | D        | Killed a 12-headed hydra
   960 | D        | Killed a cane toad
   961 | D        | Reached skill level 21 in Polearms
   963 | D        | Killed an elephant
   965 | D        | Killed a cane toad
  1049 | D        | Noticed a death yak
  1049 | D        | Noticed a death yak
  1049 | D        | Noticed a catoblepas
  1049 | D        | Noticed a catoblepas
  1052 | D        | Noticed a death yak
  1056 | D        | Killed a catoblepas
  1057 | D        | Noticed a death yak
  1062 | D        | Killed a catoblepas
  1063 | D        | Reached skill level 22 in Polearms
  1063 | D        | Reached XP level 11. HP: 71/115 MP: 3/10
  1072 | D        | Killed a death yak
  1079 | D        | Killed a death yak
  1085 | D        | Killed a death yak
  1091 | D        | Slain by a death yak

Illustrated notes

Levels and vault maps discovered:
D:        linesprint [early_d, line_temple, items_1, d_10, items_2, lair_1,
          lair_end, items_3, orc_1, orc_end, items_4, d_15, swamp_1, shoals_1,
          snake_1, spider_1, d_20, vaults_1, items_5, swamp_end, shoals_end,
          snake_end, spider_end, vaults_end, d_27, items_6, zot_1, zot_end,
          crypt_end, forest_end, elf_end, slime_end, tomb_end, abyss_end,
          pan_hell_end]

Skill      XL: |  1  2  3  4  5  6  7  8  9 10 11 |
---------------+----------------------------------+-----
Fighting       | 5 6 7 8 9 11 12 14 16 17 | 17.0
Polearms       | 6 7 9 11 12 15 17 19 22 | 22.8
Armour         | 5 6 7 8 9 11 12 14 16 17 | 17.0
Shields        | |  3.6

Action                     |  1- 3 |  4- 6 |  7- 9 | 10-12 || total
---------------------------+-------+-------+-------+-------++-------
  Melee: Trident           |    16 |    22 |       |       ||    38
         Headbutt          |     1 |     2 |    16 |    25 ||    44
         Halberd           |       |    10 |    81 |    77 ||   168
    Use: Potion            |       |     1 |     3 |     3 ||     7
   Stab: Distracted        |       |       |     1 |     1 ||     2
 Armour: Scale mail        |     6 |     8 |       |       ||    14
         Chain mail        |       |     6 |    25 |    27 ||    58
  Dodge: Dodged            |     5 |    12 |    17 |    17 ||    51
  Block: Buckler           |     3 |     2 |       |       ||     5
